 Dungeon Crawl Stone Soup version 0.31-a0-1412-g7b7c7d10e1 (webtiles) character file.

Game seed: 13125092968834828406

300 Morrissey the Shield-Bearer (level 6, 0/39 HPs)
             Began as a Gargoyle Fighter on Dec 26, 2023.
             Slain by an ogre
             ... wielding a +0 giant spiked club
              (18 damage)
             ... on level 4 of the Dungeon.
             The game lasted 00:07:47 (3184 turns).

Morrissey the Shield-Bearer (Gargoyle Fighter)      Turns: 3184, Time: 00:07:48

Health: 0/39       AC: 17    Str: 20    XL:     6   Next: 36%
Magic:  6/6        EV:  5    Int:  8    God:
Gold:   140        SH:  5    Dex: 11    Spells: 5/5 levels left

rFire   . . .        a - +0 trident
rCold   . . .        c - +0 buckler
rNeg    + . .        h - +0 plate armour
rPois   ∞            i - +0 helmet
rElec   +            (no cloak)
rCorr   .            (no gloves)
SInv    .            (no boots)
Will    .....        (no amulet) Stlth
                     (no ring)
HPRegen 0.26/turn    (no ring)
MPRegen 0.10/turn

%: no passive effects
@: no status effects
A: sickness immunity, AC +4, negative energy resistance 1, electricity
resistance, torment resistance 1, petrification resistance
a: no special abilities


You were on level 4 of the Dungeon.
You visited 2 branches of the dungeon, and saw 5 of its levels.

You collected 140 gold pieces.

Inventory:

Hand Weapons
 a - a +0 trident (weapon)
 n - a +2 flail of holy wrath
Armour
 b - a +0 scale mail
 c - a +0 buckler (worn)
 h - a +0 plate armour (worn)
 i - a +0 helmet (worn)
Jewellery
 o - a ring of wizardry
Talismans
 k - a flux talisman
Wands
 m - a wand of polymorph (6)
 p - a wand of light (9)
Scrolls
 e - a scroll of immolation {unknown}
 f - a scroll of noise {unknown}
 g - 7 scrolls of identify {unknown}
 j - 3 scrolls of fog {unknown}
 l - a scroll of silence {unknown}
Potions
 d - a potion of might
 q - a potion of berserk rage {unknown}


   Skills:
 + Level 4.4 Fighting
 * Level 4.0 Polearms
 + Level 4.4 Armour
 + Level 4.5 Shields


You had 5 spell levels left.
You didn't know any spells.
Your spell library was empty.

Dungeon Overview and Level Annotations

Branches:
Dungeon (4/15)             Temple (1/1) D:4

Altars:
Ashenzari
Cheibriados
Dithmenos
Elyvilon
Fedhas
Hepliaklqana
Kikubaaqudgha
Qazlal
Ru
Trog
Vehumet
Wu Jian
Xom
Zin
The Shining One

Shops:
D:2 (*=


Innate Abilities, Weirdness & Mutations

You are immune to sickness and miasma.
Your stone body is resilient. (AC +4)
You are immune to poison.
You resist negative energy. (rN+)
You are resistant to electric shocks. (rElec)
You are resistant to unholy torment.
You are immune to petrification.


Message History

You closely miss the scorpion.
The scorpion is moderately wounded.
The scorpion stings you but does no damage. x2
You hit the scorpion but do no damage.
The scorpion is moderately wounded.
The scorpion stings you.
You closely miss the scorpion.
The scorpion is moderately wounded.
The scorpion barely misses you.
The scorpion stings you but does no damage.
You hit the scorpion.
The scorpion is moderately wounded.
The scorpion stings you but does no damage.
You hit the scorpion but do no damage.
The scorpion is moderately wounded.
The scorpion stings you but does no damage.
You puncture the scorpion!
You kill the scorpion!
Your Polearms skill increases to level 4!
No target in view!
HP restored.
j - 3 scrolls labelled GERHEA AMIHUYZ (gained 1)
Found a shadowy altar of Dithmenos.
An ogre comes into view. It is wielding a +0 giant spiked club.
The ogre shouts!
You hear an angry hiss.
An iguana comes into view.
The iguana hisses angrily.
You reach to attack!
You puncture the ogre!
The ogre is moderately wounded.
You hit the ogre.
The ogre is heavily wounded.
The ogre hits you with a +0 giant spiked club!!
Ouch! That really hurt!
* * * LOW HITPOINT WARNING * * *
You are too injured to fight recklessly!
You are too injured to fight recklessly!
You are too injured to fight recklessly!
The ogre attacks as it pursues you!
The ogre hits you with a +0 giant spiked club!!
You die...

... #.. ... .. ##
..###.. ....
...##. #..#..#
#.... ......
..##.....##...
#....
.....l.......
#..#. #.........#
#. ##..._...##
.....
##......O..##..#
.....
........@.......
....#. #
.##.....##.....
....## #.
##..#..## ....
....##
..##..###..##.#..
...#
.....###........
....
##...#.........
....
#.............
....
###.......##....
.... ##.....#####
.... ....


You could see an ogre and an iguana.

Vanquished Creatures
  A scorpion (D:4)
  A bombardier beetle (D:3)
  An orc wizard (D:3)
  3 adders
  6 gnolls
  4 worms
  A dart slug (D:4)
  5 orcs
  4 ball pythons
  10 endoplasms
  3 giant cockroaches
  8 goblins
  5 hobgoblins
  7 jackals (D:3)
  3 quokkas
  5 bats
  5 frilled lizards
  6 kobolds
  3 rats
81 creatures vanquished.

Notes
Turn   | Place    | Note
-------+----------+-------------------------------------------
     0 | D:1      | Morrissey the Gargoyle Fighter began the quest for the Orb.
     0 | D:1      | Reached XP level 1. HP: 14/14 MP: 1/1
    89 | D:1      | Reached XP level 2. HP: 15/19 MP: 2/2
   737 | D:2      | Reached XP level 3. HP: 23/23 MP: 3/3
   804 | D:2      | Found Lesoum's Jewellery Shoppe.
   839 | D:2      | Found Asiataph's Assorted Antiques.
   935 | D:2      | Found an ornate altar of the Wu Jian Council.
  1115 | D:2      | Found Himyosutz's Weapon Boutique.
  1135 | D:2      | Reached XP level 4. HP: 29/29 MP: 4/4
  1702 | D:3      | Found a shimmering altar of Xom.
  1983 | D:3      | Reached XP level 5. HP: 7/33 MP: 5/5
  3051 | D:4      | Reached XP level 6. HP: 31/38 MP: 6/6
  3093 | D:4      | Found a staircase to the Ecumenical Temple.
  3102 | Temple   | Entered the Ecumenical Temple
  3174 | D:4      | Found a shadowy altar of Dithmenos.
  3184 | D:4      | Slain by an ogre

Illustrated notes

Levels and vault maps discovered:
D:1:      lightli_arrival_statuegarden, layout_basic
D:2:      layout_basic, serial_shops, nicolae_shop_tiny_glass,
          nicolae_shop_stone, nicolae_shop_tiny_glass, basic_altar
D:3:      layout_basic, xom_butterflies, wad_floor_pattern_2
D:4:      layout_cave_pools, nicolae_dithmenos_shadow_blocks,
          mainiacjoe_overflow_24_doors, minmay_temple_entry_sparse_star
Temple:   hellmonk_temple_forest_ring

Skill      XL: |  1  2  3  4  5  6 |
---------------+-------------------+-----
Polearms       | 2 3 4 |  4.0
Shields        | 4 |  4.5
Fighting       | 4 |  4.4
Armour         | 4 |  4.4

Action                     |  1- 3 |  4- 6 || total
---------------------------+-------+-------++-------
  Melee: Trident           |   119 |   211 ||   330
 Armour: Scale mail        |    45 |       ||    45
         Plate armour      |    36 |   186 ||   222
  Dodge: Dodged            |    40 |    44 ||    84
  Block: Buckler           |    23 |    30 ||    53

Table legend: (Time is in decaauts)
 A = Elapsed time spent in this place.
 B = Non-inter-level travel time spent in this place.
 C = Inter-level travel time spent in this place.
 D = Time resting spent in this place.
 E = Time spent auto-exploring this place.
 F = Levels seen in this place.
 G = Mean time per level.
                   A        B        C        D        E       F      G
               +--------+--------+--------+--------+--------+-----+--------+
         Total |   3249 |   3028 |    221 |    417 |   1717 |   5 |  649.8 |
       Dungeon |   3247 |   3027 |    220 |    417 |   1717 |   4 |  811.8 |
        Temple |      1 |      0 |      1 |      0 |      0 |   1 |    1.0 |
               +--------+--------+--------+--------+--------+-----+--------+

Top non-repeatable levels by time:
     D:3: 1133 daAuts
     D:2: 1098 daAuts
     D:1: 742 daAuts
     D:4: 273 daAuts
  Temple: 1 daAuts
